 Dungeon Crawl Stone Soup version 0.13-a0-1536-gedae9ec (webtiles) character file.

361 Kae the Sneak (level 5, -8/24 HPs)
             Began as a Spriggan Enchanter on June 9, 2013.
             Killed from afar by an orc wizard (13 damage)
             ... with a puff of frost
             ... on Level 4 of the Dungeon.
             The game lasted 00:07:38 (3586 turns).

Kae the Sneak (Spriggan Enchanter)                  Turns: 3586, Time: 00:07:38

HP  -8/24        AC  3     Str  5      XL: 5   Next: 63%
MP   2/16        EV 18     Int 17      God:
Gold 142         SH  0     Dex 16      Spells:  3 memorised,  5 levels left

Res.Fire  : . . .   See Invis. : +   a - +1,+2 dagger {=f}
Res.Cold  : . . .   Warding    : .   b - +1 robe
Life Prot.: . . .   Conserve   : .   (shield restricted)
Res.Poison: .       Res.Corr.  : .   (helmet restricted)
Res.Elec. : .       Clarity    : .   (no cloak)
Sust.Abil.: . .     Spirit.Shd : .   (gloves unavailable)
Res.Mut.  : .       Stasis     : .   (boots unavailable)
Res.Rott. : .       Flight     : .   (no amulet)
Saprovore : . . .                    (no ring)
                                     (no ring)

@: very quick, somewhat resistant to hostile enchantments, quite stealthy
A: unfitting armour, see invisible, herbivore 3, speed 3, slow metabolism 2
a: no special abilities


You were on level 4 of the Dungeon.
You were not hungry.

You visited 1 branch of the dungeon, and saw 4 of its levels.

You collected 122 gold pieces.

Inventory:

Hand weapons
 a - a +1,+2 dagger (weapon) {=f}
 r - a -1,+1 orcish dagger of electrocution
Missiles
 d - 12 darts (quivered)
Armour
 b - a +1 robe (worn)
 h - a +0 buckler
Magical devices
 s - a wand of paralysis (6) {unknown}
 t - a wand of lightning (8) {unknown}
Comestibles
 o - a choko
Scrolls
 l - a scroll of identify
 q - 2 scrolls of remove curse
Jewellery
 n - a +2 ring of protection
 u - an uncursed ring of wizardry {unknown}
Potions
 e - a potion of porridge
 f - 3 potions of curing {unknown}
 g - 2 potions of agility {unknown}
 i - a potion of heal wounds {unknown}
 j - 2 potions of magic {unknown}
 k - a potion of brilliance {unknown}
 m - a potion of confusion {unknown}
 p - 2 potions of invisibility {unknown}
Books
 c - a book of Maledictions

   Spells                             Type                      Level
   *Corona                            Hexes                        1
   Sure Blade                         Hexes/Charms                 2
   *Ensorcelled Hibernation           Hexes/Ice                    2
   *Confuse                           Hexes                        3
   Enslavement                        Hexes                        4
   Invisibility                       Hexes                        6


   Skills:
 + Level 2.6 Short Blades
 - Level 1.1 Throwing
 - Level 3.0 Dodging
 + Level 5.6 Stealth
 + Level 3.6 Spellcasting
 + Level 5.0 Hexes


You had 5 spell levels left.
You knew the following spells:

 Your Spells              Type           Power        Failure   Level  Hunger
a - Corona                Hex            ###....      2%          1    None
b - Ensorcelled Hibernat  Hex/Ice        ##....       12%         2    ##.....
c - Confuse               Hex            ###.....     10%         3    ###....


Dungeon Overview and Level Annotations

Branches:
Dungeon (4/27)
 Temple: D:4-7

Altars:
Fedhas
Okawaru

Annotations
D:3 1 exclusion, Sigmund
D:4 exclusion: door


Innate Abilities, Weirdness & Mutations

You are tiny and cannot use many weapons and most armour.
You have supernaturally acute eyesight.
You are a herbivore.
You cover ground extremely quickly.
You need consume almost no food.


Message History

Press: ? - help, Shift-Dir - straight line, f/p - orc
Aim: an orc, wielding an orcish mace and wearing an orcish leather armour The orc is unaffected.
The orc wizard barely misses you. The orc misses you.
The orc throws an orcish dagger.
The orcish dagger hits the orc wizard.
The orc wizard picks up an orcish dagger.
Things that are here:
an orcish dagger; an orcish chain mail; an orc corpse The orc wizard gestures at you while chanting.
The magic dart hits you!
There is a stone staircase leading up here.
The orc wizard gestures at you while chanting.
The puff of flame hits you!
* * * LOW HITPOINT WARNING * * *
Unknown command.
The orc wizard points at you and mumbles some strange words.
The puff of frost misses the orc wizard.
The puff of frost hits you!
Your glowing black potion freezes and shatters!
Ouch! That really hurt!
You die...

>......# #...........#
#........# #...........#
#........# #...........'
#........# #...........#
#........# #...........#
#........####...........#
#...........'...........#
#........####...........#
#..oo..)@# ###'#########
#..o.....# #.# ##o#######
#.##### ###o...###
#.....## #..o.....#####
####...#### #####
#........'...####...###...
....#
#...>....###.##..%### #...
....# #........# #.#...##
#... ....####........#
#.##...### #...


You could see 2 orc wizards and 2 orcs.

Vanquished Creatures
  An orc wizard (D:4)
  A worker ant (D:4)
  Ijyb (D:3)
  6 adders
  An inept feature mimic (D:2)
  2 worms
  5 giant geckos
  An ooze (D:3)
  5 orcs
  A ball python (D:3)
  12 bats
  A giant cockroach (D:3)
  6 goblins
  11 hobgoblins
  6 kobolds
  6 giant newts
  A quokka (D:2)
  9 rats
76 creatures vanquished.

Vanquished Creatures (others)
  An orc (D:4)
  A kobold (D:1)
2 creatures vanquished.

Grand Total: 78 creatures vanquished

Notes
Turn   | Place    | Note
--------------------------------------------------------------
     0 | D:1      | Kae, the Spriggan Enchanter, began the quest for the Orb.
     0 | D:1      | Reached XP level 1. HP: 9/9 MP: 4/4
   234 | D:1      | Reached XP level 2. HP: 8/13 MP: 6/6
   338 | D:1      | Learned a level 2 spell: Ensorcelled Hibernation
   599 | D:1      | Reached skill level 4 in Stealth
  1083 | D:2      | Reached XP level 3. HP: 14/16 MP: 9/9
  1105 | D:2      | Learned a level 3 spell: Confuse
  1420 | D:2      | Found a blossoming altar of Fedhas.
  1750 | D:3      | Noticed Ijyb
  1756 | D:3      | Killed Ijyb
  1756 | D:3      | Reached XP level 4. HP: 21/21 MP: 6/12
  1949 | D:3      | Noticed Sigmund
  2045 | D:3      | Reached skill level 5 in Stealth
  2753 | D:3      | Reached XP level 5. HP: 24/24 MP: 10/15
  3192 | D:4      | Noticed an orc warrior
  3267 | D:4      | Found an iron altar of Okawaru.
  3280 | D:4      | HP: 1/24 [worm (11)]
  3573 | D:4      | Reached skill level 5 in Hexes
  3586 | D:4      | Killed from afar by an orc wizard

Action                   |  1- 3 |  4- 6 || total
-------------------------+-------+-------++-------
Melee: Dagger            |   146 |    84 ||   230
 Cast: Ensorcelled Hiber |     5 |    32 ||    37
       Confuse           |     1 |     1 ||     2
  Use: Scroll            |     8 |     4 ||    12
       Potion            |       |     1 ||     1
 Stab: Distracted        |     1 |       ||     1
       Sleeping          |    13 |    21 ||    34
